 Dungeon Crawl Stone Soup version 0.21-a0-440-g28109cb (webtiles) character file.

702 hypernormal the Slasher (level 7, -15/66 HPs)
             Began as a Tengu Berserker on Nov 11, 2017.
             Was a Priest of Trog.
             Demolished by a two-headed ogre
             ... wielding a +0 giant club
              (17 damage)
             ... on level 5 of the Dungeon.
             The game lasted 00:04:40 (3776 turns).

hypernormal the Slasher (Tengu Berserker)           Turns: 3776, Time: 00:04:41

Health: -15/66     AC:  6    Str: 24    XL:     7   Next: 66%
Magic:  8/8        EV: 12    Int:  7    God:    Trog [***...]
Gold:   175        SH:  0    Dex: 14    Spells: 6/6 levels left

rFire    . . .     SeeInvis .   a - +0 falchion
rCold    . . .     Gourm    .   (no shield)
rNeg     . . .     Faith    .   i - +0 ring mail
rPois    .         Spirit   .   (helmet restricted)
rElec    .         Reflect  .   e - +0 cloak
rCorr    .         Harm     .   (no gloves)
MR       .....                  (boots unavailable)
Stlth    ..........             (no amulet)
HPRegen  0.21/turn              (no ring)
MPRegen  0.11/turn              (no ring)

@: berserking, heavily drained, very quick
A: beak, talons 3, able to fly 1
a: Fly, Berserk, Trog's Hand, Burn Spellbooks, Renounce Religion


You were on level 5 of the Dungeon.
You worshipped Trog.
Trog was most pleased with you.
You were very hungry.

You visited 1 branch of the dungeon, and saw 5 of its levels.

You collected 175 gold pieces.

Inventory:

Hand Weapons
 a - a +0 falchion (weapon)
Missiles
 t - 7 javelins (quivered)
Armour
 b - a +0 animal skin
 e - a +0 cloak (worn)
 i - a +0 ring mail (worn)
Jewellery
 x - an uncursed amulet of harm
Wands
 s - a wand of flame (5/48)
 u - a wand of iceblast (5/15)
Scrolls
 d - 2 scrolls of identify {unknown}
 f - 2 scrolls of teleportation {unknown}
 g - 4 scrolls of remove curse {unknown}
 h - a scroll of fear {unknown}
 j - a scroll of immolation {unknown}
 p - a scroll of enchant armour {unknown}
 q - a scroll of recharging {unknown}
 w - a scroll of enchant weapon {unknown}
Potions
 k - a potion of haste {unknown}
 n - a potion of brilliance {unknown}
 o - a potion of cancellation {unknown}
 r - 2 potions of lignification {unknown}
Comestibles
 c - 4 bread rations
 l - 2 royal jellies
 m - a meat ration


   Skills:
 + Level 5.0(3.2) Fighting
 * Level 7.2(5.3) Long Blades
 - Level 2.1(0.5) Armour
 + Level 4.8(3.1) Dodging


You had 6 spell levels left.
You didn't know any spells.

Dungeon Overview and Level Annotations

Branches:
Dungeon (5/15)
 Temple: D:4-7

Altars:
Cheibriados
Elyvilon
Hepliaklqana
Nemelex Xobeh
Ru
Sif Muna
Zin


Innate Abilities, Weirdness & Mutations

You have a beak for a mouth.
You have claws for feet.
You can fly.


Message History

You feel yourself moving faster!
You feel mighty!
You are feeling very hungry.
The two-headed ogre hits you with a giant club.
The two-headed ogre hits you with a giant spiked club!!
You slash the two-headed ogre!
The two-headed ogre is moderately wounded.
You hit the two-headed ogre.
The two-headed ogre is heavily wounded.
The two-headed ogre closely misses you.
The two-headed ogre hits you with a giant spiked club!!
* * * LOW HITPOINT WARNING * * *
You slash the two-headed ogre!
The two-headed ogre is heavily wounded.
You hit the two-headed ogre but do no damage.
You claw the two-headed ogre. You peck the two-headed ogre!
The two-headed ogre is almost dead.
The two-headed ogre hits you with a giant club!
* * * LOW HITPOINT WARNING * * *
The two-headed ogre hits you with a giant spiked club!
You die...

#......#
#......#
......#
.....#
....#
...##+##
#..(...#
#<.....#
#.@....#
#.O....#
........#
##.......#
#.........
#?.........
#..........
#..........


You could see a two-headed ogre.

Vanquished Creatures
  Grinder (D:4)
  A centaur (D:2)
  2 scorpions (D:4)
  A centaur skeleton (D:4)
  A hound (D:4)
  Natasha (thrice) (D:4)
  An orc wizard (D:3)
  Ijyb (D:4)
  A worker ant (D:4)
  3 adders
  3 oozes
  2 worms
  A dart slug (D:4)
  5 leopard geckos
  4 orcs (D:3)
  A ball python (D:4)
  8 giant cockroaches
  10 goblins
  2 hobgoblins (D:2)
  8 jackals
  A kobold (D:3)
  3 quokkas
  10 bats
  7 frilled lizards
  9 rats
89 creatures vanquished.

Notes
Turn   | Place    | Note
-------+----------+-------------------------------------------
     0 | D:1      | hypernormal the Tengu Berserker began the quest for the Orb.
     0 | D:1      | Reached XP level 1. HP: 14/14 MP: 2/2
   195 | D:1      | Reached XP level 2. HP: 18/19 MP: 3/3
   480 | D:2      | Reached skill level 4 in Long Blades
   484 | D:2      | Reached ** piety under Trog
   484 | D:2      | Reached XP level 3. HP: 23/23 MP: 4/4
   693 | D:2      | Noticed a centaur
   703 | D:2      | Killed a centaur
   703 | D:2      | Reached XP level 4. HP: 14/29 MP: 5/5
   703 | D:2      | Gained mutation: You can fly. [Tengu growth]
   703 | D:2      | Reached XP level 5. HP: 17/33 MP: 6/6
   708 | D:2      | Reached skill level 5 in Long Blades
  1339 | D:2      | Found a white marble altar of Elyvilon.
  1352 | D:2      | Found a deep blue altar of Sif Muna.
  1998 | D:3      | Reached *** piety under Trog
  2056 | D:3      | Found a hazy altar of Hepliaklqana.
  2213 | D:4      | Noticed Grinder
  2215 | D:4      | Paralysed by Grinder for 4 turns
  2224 | D:4      | Killed Grinder
  2224 | D:4      | Reached skill level 6 in Long Blades
  2224 | D:4      | Reached XP level 6. HP: 22/39 MP: 7/7
  2401 | D:4      | Noticed Natasha
  2407 | D:4      | Killed Natasha
  2544 | D:4      | Noticed Ijyb
  2550 | D:4      | Killed Ijyb
  2550 | D:4      | Reached XP level 7. HP: 38/44 MP: 8/8
  2663 | D:4      | Found a glowing silver altar of Zin.
  2746 | D:4      | Found a sparkling altar of Nemelex Xobeh.
  2828 | D:4      | Noticed Natasha
  2837 | D:4      | Killed Natasha
  2937 | D:4      | Noticed Natasha
  2943 | D:4      | Killed Natasha
  3145 | D:4      | Found a sacrificial altar of Ru.
  3242 | D:4      | Reached skill level 7 in Long Blades
  3284 | D:4      | Found a snail-covered altar of Cheibriados.
  3417 | D:4      | Reached skill level 5 in Fighting
  3767 | D:5      | Entered Level 5 of the Dungeon
  3767 | D:5      | Noticed a two-headed ogre
  3776 | D:5      | HP: 2/66 [two-headed ogre/giant club (8)]
  3776 | D:5      | Demolished by a two-headed ogre

Vault maps used:
D:1:      dpeg_arrival_tiny_k, minmay_misc_feat_ornament
D:2:      amethyst_overflow_temple_binary, minmay_split_cup_small
D:3:      old_standard_altar, due_unseen_surprise
D:4:      kennysheep_mini_moat, zin_academy, nicolae_ru_the_path_less_chosen,
          hangedman_abyss_or_decor_passed, minivault_25, roderic_lattice_a,
          chei_slow_surprise, uniq_natasha, uniq_grinder, uniq_ijyb
D:5:      ashenzari_conservatory_becter, first_bread

Skill      XL: |  1  2  3  4  5  6  7 |
---------------+----------------------+-----
Long Blades    | 4 6 7 |  7.2
Dodging        | 3 4 |  4.8
Fighting       | 4 5 |  5.0
Armour         | |  2.1

Action                   |  1- 3 |  4- 6 |  7- 9 || total
-------------------------+-------+-------+-------++-------
Melee: Falchion          |    52 |    73 |    54 ||   179
       Kick              |    17 |    24 |    24 ||    65
       Peck              |     7 |    11 |    16 ||    34
Throw: Javelin           |       |     2 |     1 ||     3
Invok: Berserk           |     1 |     2 |     1 ||     4
  Use: Potion            |       |     2 |       ||     2
 Stab: Sleeping          |     2 |       |       ||     2
  Eat: Chunk             |       |     6 |     1 ||     7
       Bread ration      |       |     1 |       ||     1
Armor: Animal skin       |    10 |     4 |       ||    14
       Ring mail         |       |    12 |    10 ||    22
Dodge: Dodged            |    43 |    39 |    32 ||   114
       Rpst.: Falchion   |    12 |    12 |    14 ||    38

Table legend:
 A = Spawn XP
 B = Non-spawn XP
 C = Spawn XP percentage of total XP
 D = Spawn monster count
 E = Non-spawn monster count
 F = Spawn count percentage of total count
 G = Total turns spent on level
                    A         B        C        D         E        F      G
               +---------+---------+-------+---------+---------+-------+---------
         Total |       0 |    1004 |   0.0 |       0 |      89 |   0.0 |  3776
               +---------+---------+-------+---------+---------+-------+---------
           D:1 |       0 |      31 |   0.0 |       0 |      19 |   0.0 |   476
           D:2 |       0 |     188 |   0.0 |       0 |      32 |   0.0 |  1085
           D:3 |       0 |      74 |   0.0 |       0 |      18 |   0.0 |   630
           D:4 |       0 |     711 |   0.0 |       0 |      20 |   0.0 |  1576
               +---------+---------+-------+---------+---------+-------+---------
